Sharks vs Oilers
(R1)
Created - February 21, 2022 at 21:00
Goals
|
| Sharks |
0 |
2 |
2 |
4 |
| Oilers |
2 |
1 |
2 |
5 |
|
Shots
|
| Sharks |
9 |
10 |
15 |
34 |
| Oilers |
13 |
7 |
9 |
29 |
|
1st period
1. Oilers , Connor McDavid 13 (Taylor Hall 20, Cam Barker 7) at 8:00
2. Oilers , Connor McDavid 14 (Jordan Eberle 20) at 10:43
Penalties :
Oskar Osala (S.J) for Kneeing (Minor) at 5:04, Andrej Sekera (S.J) for Roughing (Minor) at 17:17
2nd period
3. Oilers , Kasperi Kapanen 5 (Benoit Pouliot 13, Rasmus Ristolainen 14) at 9:11
4. Sharks , Tyler Cuma 4 (Jiri Tlusty 1, Nick Palmieri 10) at 11:45 (PP)
5. Sharks , Nick Palmieri 8 (Brandon Dubinsky 9) at 12:41
Penalties :
Drew Doughty (S.J) for Delaying the game (Minor) at 0:22, Kasperi Kapanen (Edm) for Hooking (Minor) at 11:01, Rasmus Ristolainen (Edm) for Roughing (Minor) at 16:36
3rd period
6. Sharks , Brandon Dubinsky 7 (Nick Palmieri 11) at 3:29
7. Sharks , Luke Adam 1 (Drew Doughty 24, Brandon Dubinsky 10) at 7:20
8. Oilers , Darnell Nurse 3 (Tobias Enstrom 4, Maxim Lapierre 1) at 11:13
9. Oilers , Taylor Hall 18 (Jordan Eberle 21, Connor McDavid 19) at 15:01
Penalties :
Darnell Nurse (Edm) for Holding Stick (Minor) at 0:54, Andrej Sekera (S.J) for Slashing (Minor) at 8:17, Tobias Enstrom (Edm) for Roughing (Minor) at 9:04, Dustin Brown (Edm) for Interference (Minor) at 17:21, Adam Larsson (Edm) for High sticking (Minor) at 18:52
Goalie Stats
Ryan Miller (S.J), 24 saves from 29 shots - (0.828), L, 5-17-4, 59:07 minutes
James Reimer (Edm), 30 saves from 34 shots - (0.882), W, 15-8-6, 60:00 minutes
Players Stats for Sharks
Player Name G A P +/- PIM S H SB GA TA FO MP PP MP PK MP
------------------------------------------------------------------------------------
Andrej Sekera 0 0 0 2 4 2 2 0 0 0 0/0 18:57 0:23 1:10
Bobby Butler 0 0 0 0 0 0 0 0 0 0 0/1 1:30 0:23 0:00
Boone Jenner 0 0 0 0 0 0 1 0 0 0 1/1 3:03 0:35 0:33
Brandon Dubinsky 1 2 3 0 0 4 3 0 0 1 12/22 24:42 3:37 2:18
Brayden McNabb 0 0 0 -2 0 0 0 0 0 0 0/0 3:14 0:00 0:00
Corey Perry 0 0 0 -1 0 2 0 0 1 0 0/0 17:31 4:04 0:00
Dion Phaneuf 0 0 0 -2 0 5 0 0 0 0 0/0 24:18 5:14 3:54
Drew Doughty 0 1 1 -1 2 4 1 0 1 1 0/0 27:56 4:51 2:44
Gilbert Brule 0 0 0 -1 0 1 2 0 0 3 17/27 22:05 3:58 3:53
Jiri Tlusty 0 1 1 -1 0 3 1 0 0 0 0/1 17:13 3:37 2:39
Karl Alzner 0 0 0 -1 0 1 0 1 0 0 0/0 20:32 3:16 2:50
Luke Adam 1 0 1 -1 0 1 0 0 1 0 4/10 11:01 0:00 0:00
Milan Michalek 0 0 0 1 0 1 0 2 0 1 1/2 26:41 3:58 3:53
Nick Palmieri 1 2 3 1 0 2 2 1 3 1 0/1 21:05 3:37 0:00
Oskar Osala 0 0 0 -2 2 1 0 0 0 0 0/0 12:38 0:00 0:00
Steve Eminger 0 0 0 0 0 1 0 0 0 0 0/0 10:28 0:00 0:00
Tyler Cuma 1 0 1 0 0 5 1 0 0 0 0/0 14:55 2:53 2:50
Zach Boychuk 0 0 0 -2 0 1 2 0 1 1 0/1 14:11 0:09 0:12
Players Stats for Oilers
Player Name G A P +/- PIM S H SB GA TA FO MP PP MP PK MP
------------------------------------------------------------------------------------
Adam Larsson 0 0 0 1 2 0 0 0 0 0 0/0 15:55 0:00 3:10
Benoit Pouliot 0 1 1 -1 0 1 2 0 1 1 0/0 15:31 0:00 2:37
Cam Barker 0 1 1 2 0 1 2 0 0 2 0/0 28:43 2:16 5:34
Connor McDavid 2 1 3 0 0 6 2 0 1 0 19/40 25:56 4:05 4:58
Darnell Nurse 1 0 1 1 2 3 0 1 0 0 0/0 18:13 0:00 4:17
Duncan Keith 0 0 0 -1 0 0 0 1 0 0 0/0 16:02 2:16 0:24
Dustin Brown 0 0 0 0 2 1 0 1 0 0 0/0 10:10 0:00 0:04
Jordan Caron 0 0 0 1 0 0 3 0 0 0 0/0 7:27 0:00 0:00
Jordan Eberle 0 2 2 1 0 1 0 0 1 1 0/0 16:18 2:39 0:00
Kasperi Kapanen 1 0 1 2 2 1 1 0 0 0 0/1 10:57 3:33 0:00
Leon Draisaitl 0 0 0 0 0 1 1 0 3 0 0/0 16:20 3:11 0:16
Maxim Lapierre 0 1 1 0 0 0 1 0 0 1 4/8 10:46 0:00 1:51
Rasmus Ristolainen 0 1 1 2 2 2 1 1 2 0 0/0 23:54 4:28 1:29
Ryan Nugent-Hopkins 0 0 0 -1 0 1 1 1 0 0 7/16 17:13 2:39 1:14
Taylor Hall 1 1 2 2 0 8 5 1 0 1 0/0 24:18 4:05 4:46
Ted Purcell 0 0 0 1 0 2 1 0 0 0 0/0 7:23 0:00 0:00
Tobias Enstrom 0 1 1 -1 2 1 0 0 0 1 0/0 17:38 4:27 1:19
Yanni Gourde 0 0 0 1 0 0 3 0 0 0 1/1 7:23 0:00 0:00
3 Stars
1 - Connor McDavid (Edm)
2 - Taylor Hall (Edm)
3 - Nick Palmieri (S.J)
Power Play
Sharks - 1 on 6 Attempt(s) - 16.67%
Oilers - 0 on 4 Attempt(s) - 0.00%
Penalty Kill
Sharks - 4 on 4 Attempt(s) - 100.00%
- Score 0 goal in Penalty Kill
Oilers - 5 on 6 Attempt(s) - 83.33%
- Score 0 goal in Penalty Kill
Team Stat
Sharks - Hits : 15 - Faceoff Wins : 35 - Blocked Shots : 4 - Penalty Minutes : 8
Oilers - Hits : 23 - Faceoff Wins : 31 - Blocked Shots : 6 - Penalty Minutes : 12
Official
Referees : Kelly Sutherland and Corey Syvret
Linesman : Travis Toomey and Julien Fournier
Game Notes
Kasperi Kapanen is injured at 12:35 of 2nd period (Bruised Left Shoulder)
Finance
Level 1 -- Attendance: 5748 (95.80%) -- Ticket Income $574,800
Level 2 -- Attendance: 4782 (95.64%) -- Ticket Income $286,920
Level 3 -- Attendance: 2000 (100.00%) -- Ticket Income $70,000
Level 4 -- Attendance: 3597 (89.93%) -- Ticket Income $89,925
Luxury Box -- Attendance: 978 (97.80%) -- Ticket Income $195,600
Game was played at the Rodgers Place.
Total Attendance: 17105 (95.03%)
Total Ticket Income: $1,217,245
Other Income: $182,587
Total Income: $1,399,832
Sharks
5 vs 5 Forward
Center Left Wing Right Wing Time % Phy DF OF
1 Brandon Dubinsky Milan Michalek Nick Palmieri 40 1 2 2
2 Gilbert Brule Zach Boychuk Corey Perry 30 1 2 2
3 Luke Adam Jiri Tlusty Oskar Osala 20 1 2 2
4 Gilbert Brule Milan Michalek Corey Perry 10 1 2 2
5 vs 5 Defense
Defense Defense Time % Phy DF OF
1 Drew Doughty Andrej Sekera 40 1 2 2
2 Dion Phaneuf Karl Alzner 30 1 2 2
3 Tyler Cuma Steve Eminger 20 1 2 2
4 Brayden McNabb Drew Doughty 10 1 2 2
PowerPlay Forward
Center Left Wing Right Wing Time % Phy DF OF
1 Gilbert Brule Milan Michalek Corey Perry 60 1 1 3
2 Brandon Dubinsky Jiri Tlusty Nick Palmieri 40 1 1 3
PowerPlay Defense
Defense Defense Time % Phy DF OF
1 Drew Doughty Dion Phaneuf 60 1 1 3
2 Tyler Cuma Karl Alzner 40 1 1 3
Penalty Kill 4 Players Forward
Center Wing Time % Phy DF OF
1 Gilbert Brule Milan Michalek 60 2 3 0
2 Brandon Dubinsky Jiri Tlusty 40 2 3 0
Penalty Kill 4 Players Defense
Defense Defense Time % Phy DF OF
1 Drew Doughty Dion Phaneuf 60 2 3 0
2 Tyler Cuma Karl Alzner 40 2 3 0
Penalty Kill - 3 Players Forward
Forward Time % Phy DF OF
1 Gilbert Brule 60 1 4 0
2 Brandon Dubinsky 40 1 4 0
Penalty Kill - 3 Players Defense
Defense Defense Time % Phy DF OF
1 Drew Doughty Dion Phaneuf 60 1 4 0
2 Tyler Cuma Karl Alzner 40 1 4 0
4 vs 4 Forward
Center Wing Time % Phy DF OF
1 Gilbert Brule Milan Michalek 60 1 2 2
2 Brandon Dubinsky Jiri Tlusty 40 1 2 2
4 vs 4 Defense
Defense Defense Time % Phy DF OF
1 Drew Doughty Andrej Sekera 60 1 2 2
2 Dion Phaneuf Karl Alzner 40 1 2 2
Last Minutes Offensive
Center Left Wing Right Wing Defense Defense
Gilbert Brule Milan Michalek Corey Perry Drew Doughty Dion Phaneuf
Last Minutes Defensive
Center Left Wing Right Wing Defense Defense
Gilbert Brule Milan Michalek Corey Perry Drew Doughty Andrej Sekera
Goaltenders
Starting : Ryan Miller
Backup : Anders Lindback
Extra Forwards
Normal : Brandon Dubinsky, Boone Jenner, Bobby Butler - PP : Brandon Dubinsky, Boone Jenner - PK : Brandon Dubinsky
Extra Defensemen
Normal : Andrej Sekera, Steve Eminger, Brayden McNabb - PP : Andrej Sekera - PK : Andrej Sekera, Steve Eminger
Penalty Shots
Corey Perry, Gilbert Brule, Nick Palmieri, Milan Michalek, Brandon Dubinsky
Scratches
David Booth (Healthy), Keith Kinkaid (Healthy)
Oilers
5 vs 5 Forward
Center Left Wing Right Wing Time % Phy DF OF
1 Connor McDavid Taylor Hall Jordan Eberle 40 1 2 2
2 Ryan Nugent-Hopkins Benoit Pouliot Kasperi Kapanen 30 1 2 2
3 Maxim Lapierre Leon Draisaitl Dustin Brown 20 1 2 2
4 Yanni Gourde Ted Purcell Jordan Caron 10 1 2 2
5 vs 5 Defense
Defense Defense Time % Phy DF OF
1 Cam Barker Rasmus Ristolainen 40 1 2 2
2 Darnell Nurse Adam Larsson 30 1 2 2
3 Tobias Enstrom Duncan Keith 20 1 2 2
4 Cam Barker Darnell Nurse 10 1 2 2
PowerPlay Forward
Center Left Wing Right Wing Time % Phy DF OF
1 Connor McDavid Taylor Hall Kasperi Kapanen 60 1 2 2
2 Ryan Nugent-Hopkins Leon Draisaitl Jordan Eberle 40 1 2 2
PowerPlay Defense
Defense Defense Time % Phy DF OF
1 Rasmus Ristolainen Tobias Enstrom 60 1 2 2
2 Cam Barker Duncan Keith 40 1 2 2
Penalty Kill 4 Players Forward
Center Wing Time % Phy DF OF
1 Connor McDavid Taylor Hall 60 1 2 2
2 Ryan Nugent-Hopkins Benoit Pouliot 40 1 2 2
Penalty Kill 4 Players Defense
Defense Defense Time % Phy DF OF
1 Cam Barker Darnell Nurse 60 1 2 2
2 Rasmus Ristolainen Adam Larsson 40 1 2 2
Penalty Kill - 3 Players Forward
Forward Time % Phy DF OF
1 Connor McDavid 60 1 2 2
2 Ryan Nugent-Hopkins 40 1 2 2
Penalty Kill - 3 Players Defense
Defense Defense Time % Phy DF OF
1 Cam Barker Darnell Nurse 60 1 2 2
2 Rasmus Ristolainen Adam Larsson 40 1 2 2
4 vs 4 Forward
Center Wing Time % Phy DF OF
1 Connor McDavid Taylor Hall 60 1 2 2
2 Ryan Nugent-Hopkins Benoit Pouliot 40 1 2 2
4 vs 4 Defense
Defense Defense Time % Phy DF OF
1 Cam Barker Darnell Nurse 60 1 2 2
2 Rasmus Ristolainen Adam Larsson 40 1 2 2
Last Minutes Offensive
Center Left Wing Right Wing Defense Defense
Connor McDavid Taylor Hall Jordan Eberle Cam Barker Darnell Nurse
Last Minutes Defensive
Center Left Wing Right Wing Defense Defense
Connor McDavid Taylor Hall Jordan Eberle Cam Barker Darnell Nurse
Goaltenders
Starting : James Reimer
Backup : Jonas Hiller
Extra Forwards
Normal : Connor McDavid, Leon Draisaitl, Ryan Nugent-Hopkins - PP : Connor McDavid, Leon Draisaitl - PK : Connor McDavid
Extra Defensemen
Normal : Adam Larsson, Tobias Enstrom, Duncan Keith - PP : Adam Larsson - PK : Adam Larsson, Tobias Enstrom
Penalty Shots
Taylor Hall, Jordan Eberle, Connor McDavid, Benoit Pouliot, Dustin Brown
Scratches
Brock McGinn (Healthy)
% Time on Ice - Sharks
Lines # - Real PCT - Wanted PCT - Time Play
Normal Forward
1 - 39% - 40% - 17:21
2 - 33% - 30% - 14:38
3 - 25% - 20% - 11:01
4 - 2% - 10% - 0:57
Normal Defense
1 - 41% - 40% - 18:01
2 - 32% - 30% - 14:14
3 - 21% - 20% - 9:12
4 - 6% - 10% - 2:30
PP Forward
1 - 55% - 60% - 4:30
2 - 45% - 40% - 3:37
PP Defense
1 - 60% - 60% - 4:51
2 - 40% - 40% - 3:16
PK Forward
1 - 73% - 60% - 4:54
2 - 27% - 40% - 1:50
PK Defense
1 - 58% - 60% - 3:54
2 - 42% - 40% - 2:50
PK3 Forward
1 - 0% - 60%
2 - 0% - 40%
PK3 Defense
1 - 0% - 60%
2 - 0% - 40%
44 Forward
1 - 69% - 60% - 0:50
2 - 31% - 40% - 0:22
44 Defense
1 - 83% - 60% - 1:00
2 - 17% - 40% - 0:12
Last Minute Offensive - 0:00
Last Minute Defensive - 0:00
Total
Forward - 60:00
Defense - 60:00
|
% Time on Ice - Oilers
Lines # - Real PCT - Wanted PCT - Time Play
Normal Forward
1 - 34% - 40% - 15:01
2 - 29% - 30% - 12:38
3 - 20% - 20% - 8:55
4 - 17% - 10% - 7:23
Normal Defense
1 - 40% - 40% - 17:34
2 - 31% - 30% - 13:37
3 - 26% - 20% - 11:32
4 - 3% - 10% - 1:14
PP Forward
1 - 61% - 60% - 4:05
2 - 39% - 40% - 2:39
PP Defense
1 - 66% - 60% - 4:28
2 - 34% - 40% - 2:16
PK Forward
1 - 85% - 60% - 6:28
2 - 15% - 40% - 1:11
PK Defense
1 - 66% - 60% - 5:01
2 - 34% - 40% - 2:38
PK3 Forward
1 - 100% - 60% - 0:28
2 - 0% - 40% - 0:00
PK3 Defense
1 - 96% - 60% - 0:27
2 - 4% - 40% - 0:01
44 Forward
1 - 67% - 60% - 0:48
2 - 33% - 40% - 0:24
44 Defense
1 - 51% - 60% - 0:37
2 - 49% - 40% - 0:35
Last Minute Offensive - 0:00
Last Minute Defensive - 0:00
Total
Forward - 60:00
Defense - 60:00
|
Play-by-Play
1st period
0:01 of 1st period - Connor McDavid wins face-off versus Nick Palmieri in neutral zone.
0:26 of 1st period - Rasmus Ristolainen is hit by Gilbert Brule and loses puck.
0:35 of 1st period - Snap shot by Corey Perry.
0:35 of 1st period - Shot Misses the Net.
0:37 of 1st period - Snap shot by Dion Phaneuf.
0:37 of 1st period - Shot Misses the Net.
0:39 of 1st period - Wrist shot by Corey Perry.
0:39 of 1st period - Shot Misses the Net.
0:59 of 1st period - Slapshot by Luke Adam.
0:59 of 1st period - Shot Blocked by Dustin Brown.
1:43 of 1st period - Slapshot by Brandon Dubinsky.
1:43 of 1st period - Shot Misses the Net.
1:45 of 1st period - Slapshot by Dion Phaneuf.
1:45 of 1st period - Stopped by James Reimer without a rebound.
1:46 of 1st period - Gilbert Brule wins face-off versus Ryan Nugent-Hopkins in Oilers zone.
1:59 of 1st period - Snap shot by Gilbert Brule.
1:59 of 1st period - Shot Blocked by Duncan Keith.
2:13 of 1st period - Brandon Dubinsky is hit by Connor McDavid and loses puck.
2:23 of 1st period - Off-side.
2:24 of 1st period - Maxim Lapierre wins face-off versus Zach Boychuk in neutral zone.
4:28 of 1st period - Nick Palmieri is hit by Ted Purcell.
4:54 of 1st period - Icing by Taylor Hall.
4:55 of 1st period - Connor McDavid wins face-off versus Luke Adam in Oilers zone.
4:55 of 1st period - Connor McDavid is hit by Drew Doughty.
5:04 of 1st period - Minor Penalty to Oskar Osala for Kneeing.
5:05 of 1st period - Gilbert Brule wins face-off versus Connor McDavid in Sharks zone.
5:22 of 1st period - Karl Alzner is hit by Taylor Hall and loses puck.
5:45 of 1st period - Brandon Dubinsky is hit by Cam Barker and loses puck.
7:04 of 1st period - Penalty to Oskar Osala is over, Oskar Osala is back on ice.
7:04 of 1st period - Connor McDavid is hit by Brandon Dubinsky and loses puck.
7:11 of 1st period - Wrist shot by Brandon Dubinsky.
7:11 of 1st period - Shot Misses the Net.
7:13 of 1st period - Wrist shot by Zach Boychuk.
7:13 of 1st period - Shot Misses the Net.
7:15 of 1st period - Slapshot by Steve Eminger.
7:15 of 1st period - Shot Misses the Net.
7:17 of 1st period - Snap shot by Tyler Cuma.
7:17 of 1st period - Stopped by James Reimer with a rebound.
7:35 of 1st period - Wrist shot by Oskar Osala.
7:35 of 1st period - Shot Misses the Net.
7:37 of 1st period - Snap shot by Zach Boychuk.
7:37 of 1st period - Stopped by James Reimer with a rebound.
8:00 of 1st period - Wrist shot by Connor McDavid.
8:00 of 1st period - Deflect By Drew Doughty.
8:00 of 1st period - Goal by Connor McDavid - Sharks : 0 - Oilers : 1.
8:01 of 1st period - Gilbert Brule wins face-off versus Maxim Lapierre in neutral zone.
8:04 of 1st period - Slapshot by Dion Phaneuf.
8:04 of 1st period - Stopped by James Reimer with a rebound.
8:06 of 1st period - Slapshot by Milan Michalek.
8:06 of 1st period - Stopped by James Reimer without a rebound.
8:07 of 1st period - Maxim Lapierre wins face-off versus Gilbert Brule in Oilers zone.
8:20 of 1st period - Wrist shot by Gilbert Brule.
8:20 of 1st period - Shot Misses the Net.
8:22 of 1st period - Slapshot by Dion Phaneuf.
8:22 of 1st period - Stopped by James Reimer without a rebound.
8:23 of 1st period - Yanni Gourde wins face-off versus Jiri Tlusty in Oilers zone.
8:30 of 1st period - Snap shot by Jiri Tlusty.
8:30 of 1st period - Stopped by James Reimer with a rebound.
9:11 of 1st period - Zach Boychuk is hit by Kasperi Kapanen.
9:23 of 1st period - Wrist shot by Connor McDavid.
9:23 of 1st period - Stopped by Ryan Miller without a rebound.
9:24 of 1st period - Brandon Dubinsky wins face-off versus Connor McDavid in Sharks zone.
10:43 of 1st period - Snap shot by Connor McDavid.
10:43 of 1st period - Goal by Connor McDavid - Sharks : 0 - Oilers : 2.
10:44 of 1st period - Ryan Nugent-Hopkins wins face-off versus Brandon Dubinsky in neutral zone.
11:08 of 1st period - Icing by Rasmus Ristolainen.
11:09 of 1st period - Gilbert Brule wins face-off versus Kasperi Kapanen in Oilers zone.
11:14 of 1st period - Wrist shot by Taylor Hall.
11:14 of 1st period - Stopped by Ryan Miller without a rebound.
11:15 of 1st period - Gilbert Brule wins face-off versus Connor McDavid in Sharks zone.
11:44 of 1st period - Wrist shot by Benoit Pouliot.
11:44 of 1st period - Shot Misses the Net.
12:08 of 1st period - Slapshot by Dustin Brown.
12:08 of 1st period - Stopped by Ryan Miller without a rebound.
12:09 of 1st period - Connor McDavid wins face-off versus Brandon Dubinsky in Sharks zone.
12:12 of 1st period - Snap shot by Connor McDavid.
12:12 of 1st period - Stopped by Ryan Miller with a rebound.
12:14 of 1st period - Wrist shot by Cam Barker.
12:14 of 1st period - Shot Misses the Net.
12:16 of 1st period - Snap shot by Taylor Hall.
12:16 of 1st period - Shot Misses the Net.
12:18 of 1st period - Wrist shot by Taylor Hall.
12:18 of 1st period - Stopped by Ryan Miller with a rebound.
12:20 of 1st period - Wrist shot by Connor McDavid.
12:20 of 1st period - Deflect By Drew Doughty.
12:20 of 1st period - Shot Misses the Net.
12:20 of 1st period - Puck is out of play.
12:21 of 1st period - Brandon Dubinsky wins face-off versus Ryan Nugent-Hopkins in Sharks zone.
12:50 of 1st period - Wrist shot by Ryan Nugent-Hopkins.
12:50 of 1st period - Stopped by Ryan Miller without a rebound.
12:51 of 1st period - Connor McDavid wins face-off versus Luke Adam in Sharks zone.
12:58 of 1st period - Slapshot by Taylor Hall.
12:58 of 1st period - Stopped by Ryan Miller with a rebound.
13:00 of 1st period - Wrist shot by Jordan Eberle.
13:00 of 1st period - Stopped by Ryan Miller without a rebound.
13:01 of 1st period - Brandon Dubinsky wins face-off versus Connor McDavid in Sharks zone.
14:53 of 1st period - Snap shot by Jiri Tlusty.
14:53 of 1st period - Stopped by James Reimer without a rebound.
14:54 of 1st period - Luke Adam wins face-off versus Ryan Nugent-Hopkins in Oilers zone.
14:57 of 1st period - Snap shot by Jiri Tlusty.
14:57 of 1st period - Stopped by James Reimer without a rebound.
14:58 of 1st period - Luke Adam wins face-off versus Connor McDavid in Oilers zone.
15:50 of 1st period - Adam Larsson is hit by Zach Boychuk.
16:50 of 1st period - Wrist shot by Ted Purcell.
16:50 of 1st period - Shot Misses the Net.
16:52 of 1st period - Snap shot by Ted Purcell.
16:52 of 1st period - Shot Misses the Net.
16:54 of 1st period - Wrist shot by Ted Purcell.
16:54 of 1st period - Stopped by Ryan Miller with a rebound.
16:56 of 1st period - Snap shot by Yanni Gourde.
16:56 of 1st period - Shot Misses the Net.
16:58 of 1st period - Slapshot by Tobias Enstrom.
16:58 of 1st period - Stopped by Ryan Miller without a rebound.
16:59 of 1st period - Connor McDavid wins face-off versus Luke Adam in Sharks zone.
17:17 of 1st period - Minor Penalty to Andrej Sekera for Roughing.
17:18 of 1st period - Connor McDavid wins face-off versus Gilbert Brule in Sharks zone.
17:34 of 1st period - Wrist shot by Rasmus Ristolainen.
17:34 of 1st period - Stopped by Ryan Miller with a rebound.
18:23 of 1st period - Jiri Tlusty is hit by Leon Draisaitl and loses puck.
19:17 of 1st period - Penalty to Andrej Sekera is over, Andrej Sekera is back on ice.
Goals for this period are 0 for Sharks vs 2 for Oilers.
Shots for this period are 9 for Sharks vs 13 for Oilers.
2nd period
0:01 of 2nd period - Milan Michalek wins face-off versus Connor McDavid in neutral zone.
0:22 of 2nd period - Minor Penalty to Drew Doughty for Delaying the game.
0:23 of 2nd period - Gilbert Brule wins face-off versus Connor McDavid in Sharks zone.
0:23 of 2nd period - Gilbert Brule is hit by Taylor Hall.
0:29 of 2nd period - Tobias Enstrom is hit by Gilbert Brule and loses puck.
1:19 of 2nd period - Slapshot by Taylor Hall.
1:19 of 2nd period - Stopped by Ryan Miller with a rebound.
1:21 of 2nd period - Wrist shot by Rasmus Ristolainen.
1:21 of 2nd period - Shot Misses the Net.
1:45 of 2nd period - Snap shot by Rasmus Ristolainen.
1:45 of 2nd period - Shot Misses the Net.
1:47 of 2nd period - Wrist shot by Connor McDavid.
1:47 of 2nd period - Deflect By Taylor Hall.
1:47 of 2nd period - Stopped by Ryan Miller without a rebound.
1:48 of 2nd period - Ryan Nugent-Hopkins wins face-off versus Brandon Dubinsky in Sharks zone.
2:22 of 2nd period - Penalty to Drew Doughty is over, Drew Doughty is back on ice.
2:42 of 2nd period - Steve Eminger is hit by Jordan Caron and loses puck.
4:52 of 2nd period - Icing by Drew Doughty.
4:53 of 2nd period - Boone Jenner wins face-off versus Ryan Nugent-Hopkins in Sharks zone.
5:00 of 2nd period - Jiri Tlusty is hit by Benoit Pouliot and loses puck.
5:11 of 2nd period - Drew Doughty is hit by Yanni Gourde and loses puck.
6:38 of 2nd period - Slapshot by Darnell Nurse.
6:38 of 2nd period - Stopped by Ryan Miller without a rebound.
6:39 of 2nd period - Connor McDavid wins face-off versus Luke Adam in Sharks zone.
6:57 of 2nd period - Off-side.
6:58 of 2nd period - Brandon Dubinsky wins face-off versus Maxim Lapierre in neutral zone.
8:32 of 2nd period - Slapshot by Drew Doughty.
8:32 of 2nd period - Stopped by James Reimer without a rebound.
8:33 of 2nd period - Gilbert Brule wins face-off versus Connor McDavid in Oilers zone.
9:09 of 2nd period - Snap shot by Benoit Pouliot.
9:09 of 2nd period - Stopped by Ryan Miller with a rebound.
9:11 of 2nd period - Slapshot by Kasperi Kapanen.
9:11 of 2nd period - Goal by Kasperi Kapanen - Sharks : 0 - Oilers : 3.
9:12 of 2nd period - Gilbert Brule wins face-off versus Connor McDavid in neutral zone.
9:45 of 2nd period - Snap shot by Benoit Pouliot.
9:45 of 2nd period - Shot Misses the Net.
9:49 of 2nd period - Wrist shot by Ryan Nugent-Hopkins.
9:49 of 2nd period - Shot Misses the Net.
9:51 of 2nd period - Slapshot by Cam Barker.
9:51 of 2nd period - Stopped by Ryan Miller without a rebound.
9:52 of 2nd period - Ryan Nugent-Hopkins wins face-off versus Brandon Dubinsky in Sharks zone.
10:01 of 2nd period - Slapshot by Andrej Sekera.
10:01 of 2nd period - Stopped by James Reimer with a rebound.
10:03 of 2nd period - Slapshot by Drew Doughty.
10:03 of 2nd period - Stopped by James Reimer with a rebound.
10:05 of 2nd period - Wrist shot by Brandon Dubinsky.
10:05 of 2nd period - Stopped by James Reimer without a rebound.
10:06 of 2nd period - Gilbert Brule wins face-off versus Connor McDavid in Oilers zone.
10:07 of 2nd period - Slapshot by Drew Doughty.
10:07 of 2nd period - Stopped by James Reimer with a rebound.
10:42 of 2nd period - Slapshot by Andrej Sekera.
10:42 of 2nd period - Deflect By Leon Draisaitl.
10:42 of 2nd period - Stopped by James Reimer without a rebound.
10:43 of 2nd period - Brandon Dubinsky wins face-off versus Ryan Nugent-Hopkins in Oilers zone.
10:46 of 2nd period - Slapshot by Nick Palmieri.
10:46 of 2nd period - Shot Misses the Net.
11:01 of 2nd period - Minor Penalty to Kasperi Kapanen for Hooking.
11:02 of 2nd period - Gilbert Brule wins face-off versus Connor McDavid in Oilers zone.
11:37 of 2nd period - Wrist shot by Drew Doughty.
11:37 of 2nd period - Deflect By Brandon Dubinsky.
11:37 of 2nd period - Shot Blocked by Taylor Hall.
11:37 of 2nd period - Puck is out of play.
11:38 of 2nd period - Brandon Dubinsky wins face-off versus Connor McDavid in Oilers zone.
11:45 of 2nd period - Slapshot by Tyler Cuma.
11:45 of 2nd period - Goal by Tyler Cuma - Sharks : 1 - Oilers : 3.
11:46 of 2nd period - Brandon Dubinsky wins face-off versus Connor McDavid in neutral zone.
12:22 of 2nd period - Slapshot by Rasmus Ristolainen.
12:22 of 2nd period - Shot Blocked by Nick Palmieri.
12:24 of 2nd period - Wrist shot by Leon Draisaitl.
12:24 of 2nd period - Stopped by Ryan Miller without a rebound.
12:25 of 2nd period - Ryan Nugent-Hopkins wins face-off versus Gilbert Brule in Sharks zone.
12:34 of 2nd period - Kasperi Kapanen is hit by Zach Boychuk and loses puck.
12:35 of 2nd period - Kasperi Kapanen from Oilers is injured at 12:35 of 2nd period (Bruised Left Shoulder).
12:36 of 2nd period - Brandon Dubinsky wins face-off versus Connor McDavid in Oilers zone.
12:41 of 2nd period - Wrist shot by Nick Palmieri.
12:41 of 2nd period - Goal by Nick Palmieri - Sharks : 2 - Oilers : 3.
12:42 of 2nd period - Brandon Dubinsky wins face-off versus Connor McDavid in neutral zone.
12:57 of 2nd period - Snap shot by Brandon Dubinsky.
12:57 of 2nd period - Stopped by James Reimer with a rebound.
13:09 of 2nd period - Andrej Sekera is hit by Cam Barker and loses puck.
14:26 of 2nd period - Slapshot by Rasmus Ristolainen.
14:26 of 2nd period - Shot Misses the Net.
15:58 of 2nd period - Tobias Enstrom is hit by Andrej Sekera and loses puck.
16:17 of 2nd period - Andrej Sekera is hit by Ryan Nugent-Hopkins and loses puck.
16:36 of 2nd period - Minor Penalty to Rasmus Ristolainen for Roughing.
16:37 of 2nd period - Gilbert Brule wins face-off versus Connor McDavid in Oilers zone.
18:36 of 2nd period - Penalty to Rasmus Ristolainen is over, Rasmus Ristolainen is back on ice.
18:39 of 2nd period - Wrist shot by Tyler Cuma.
18:39 of 2nd period - Stopped by James Reimer with a rebound.
19:01 of 2nd period - Zach Boychuk is hit by Yanni Gourde.
19:10 of 2nd period - Zach Boychuk is hit by Jordan Caron and loses puck.
19:31 of 2nd period - Oskar Osala is hit by Connor McDavid and loses puck.
Goals for this period are 2 for Sharks vs 1 for Oilers.
Shots for this period are 10 for Sharks vs 7 for Oilers.
3rd period
0:01 of 3rd period - Brandon Dubinsky wins face-off versus Connor McDavid in neutral zone.
0:08 of 3rd period - Snap shot by Milan Michalek.
0:08 of 3rd period - Shot Blocked by Rasmus Ristolainen.
0:10 of 3rd period - Slapshot by Dion Phaneuf.
0:10 of 3rd period - Stopped by James Reimer without a rebound.
0:11 of 3rd period - Connor McDavid wins face-off versus Brandon Dubinsky in Oilers zone.
0:11 of 3rd period - Connor McDavid is hit by Brandon Dubinsky.
0:26 of 3rd period - Taylor Hall is hit by Nick Palmieri and loses puck.
0:43 of 3rd period - Slapshot by Gilbert Brule.
0:43 of 3rd period - Shot Blocked by Ryan Nugent-Hopkins.
0:45 of 3rd period - Slapshot by Corey Perry.
0:45 of 3rd period - Stopped by James Reimer with a rebound.
0:47 of 3rd period - Slapshot by Karl Alzner.
0:47 of 3rd period - Stopped by James Reimer with a rebound.
0:49 of 3rd period - Slapshot by Gilbert Brule.
0:49 of 3rd period - Stopped by James Reimer without a rebound.
0:50 of 3rd period - Gilbert Brule wins face-off versus Ryan Nugent-Hopkins in Oilers zone.
0:54 of 3rd period - Minor Penalty to Darnell Nurse for Holding Stick.
0:55 of 3rd period - Gilbert Brule wins face-off versus Connor McDavid in Oilers zone.
1:21 of 3rd period - Jiri Tlusty is hit by Taylor Hall and loses puck.
1:47 of 3rd period - Backhand shot by Benoit Pouliot.
1:47 of 3rd period - Shot Hit the Post.
2:01 of 3rd period - Snap shot by Brandon Dubinsky.
2:01 of 3rd period - Stopped by James Reimer without a rebound.
2:02 of 3rd period - Gilbert Brule wins face-off versus Maxim Lapierre in Oilers zone.
2:25 of 3rd period - Icing by Milan Michalek.
2:26 of 3rd period - Gilbert Brule wins face-off versus Connor McDavid in Sharks zone.
2:38 of 3rd period - Off-side.
2:39 of 3rd period - Ryan Nugent-Hopkins wins face-off versus Brandon Dubinsky in neutral zone.
2:54 of 3rd period - Penalty to Darnell Nurse is over, Darnell Nurse is back on ice.
3:16 of 3rd period - Wrist shot by Corey Perry.
3:16 of 3rd period - Stopped by James Reimer without a rebound.
3:17 of 3rd period - Ryan Nugent-Hopkins wins face-off versus Brandon Dubinsky in Oilers zone.
3:19 of 3rd period - Icing by Tobias Enstrom.
3:20 of 3rd period - Brandon Dubinsky wins face-off versus Ryan Nugent-Hopkins in Oilers zone.
3:29 of 3rd period - Wrist shot by Brandon Dubinsky.
3:29 of 3rd period - Goal by Brandon Dubinsky - Sharks : 3 - Oilers : 3.
3:30 of 3rd period - Connor McDavid wins face-off versus Milan Michalek in neutral zone.
3:33 of 3rd period - Andrej Sekera is hit by Taylor Hall and loses puck.
4:00 of 3rd period - Leon Draisaitl is hit by Andrej Sekera and loses puck.
5:00 of 3rd period - Snap shot by Jordan Eberle.
5:00 of 3rd period - Shot Misses the Net.
5:14 of 3rd period - Backhand shot by Darnell Nurse.
5:14 of 3rd period - Stopped by Ryan Miller without a rebound.
5:15 of 3rd period - Maxim Lapierre wins face-off versus Luke Adam in Sharks zone.
5:30 of 3rd period - Maxim Lapierre is hit by Jiri Tlusty and loses puck.
6:23 of 3rd period - Dion Phaneuf is hit by Jordan Caron and loses puck.
6:32 of 3rd period - Slapshot by Ted Purcell.
6:32 of 3rd period - Stopped by Ryan Miller without a rebound.
6:33 of 3rd period - Connor McDavid wins face-off versus Brandon Dubinsky in Sharks zone.
6:45 of 3rd period - Snap shot by Taylor Hall.
6:45 of 3rd period - Shot Blocked by Milan Michalek.
6:47 of 3rd period - Slapshot by Duncan Keith.
6:47 of 3rd period - Shot Misses the Net.
6:49 of 3rd period - Wrist shot by Taylor Hall.
6:49 of 3rd period - Stopped by Ryan Miller with a rebound.
6:59 of 3rd period - Drew Doughty is hit by Maxim Lapierre and loses puck.
7:20 of 3rd period - Slapshot by Drew Doughty.
7:20 of 3rd period - Deflect By Luke Adam.
7:20 of 3rd period - Goal by Luke Adam - Sharks : 4 - Oilers : 3.
7:21 of 3rd period - Connor McDavid wins face-off versus Gilbert Brule in neutral zone.
7:28 of 3rd period - Snap shot by Connor McDavid.
7:28 of 3rd period - Shot Misses the Net.
7:46 of 3rd period - Karl Alzner is hit by Rasmus Ristolainen and loses puck.
7:57 of 3rd period - Slapshot by Rasmus Ristolainen.
7:57 of 3rd period - Stopped by Ryan Miller without a rebound.
7:58 of 3rd period - Brandon Dubinsky wins face-off versus Ryan Nugent-Hopkins in Sharks zone.
8:17 of 3rd period - Minor Penalty to Andrej Sekera for Slashing.
8:18 of 3rd period - Connor McDavid wins face-off versus Gilbert Brule in Sharks zone.
8:22 of 3rd period - Snap shot by Connor McDavid.
8:22 of 3rd period - Stopped by Ryan Miller without a rebound.
8:23 of 3rd period - Connor McDavid wins face-off versus Gilbert Brule in Sharks zone.
8:28 of 3rd period - Backhand shot by Connor McDavid.
8:28 of 3rd period - Stopped by Ryan Miller without a rebound.
8:29 of 3rd period - Connor McDavid wins face-off versus Gilbert Brule in Sharks zone.
9:04 of 3rd period - Minor Penalty to Tobias Enstrom for Roughing.
9:05 of 3rd period - Gilbert Brule wins face-off versus Connor McDavid in Oilers zone.
9:06 of 3rd period - Slapshot by Drew Doughty.
9:06 of 3rd period - Shot Misses the Net.
9:54 of 3rd period - Slapshot by Drew Doughty.
9:54 of 3rd period - Shot Misses the Net.
9:56 of 3rd period - Slapshot by Steve Eminger.
9:56 of 3rd period - Stopped by James Reimer with a rebound.
10:17 of 3rd period - Penalty to Andrej Sekera is over, Andrej Sekera is back on ice.
10:17 of 3rd period - Adam Larsson is hit by Boone Jenner.
11:04 of 3rd period - Penalty to Tobias Enstrom is over, Tobias Enstrom is back on ice.
11:13 of 3rd period - Slapshot by Darnell Nurse.
11:13 of 3rd period - Goal by Darnell Nurse - Sharks : 4 - Oilers : 4.
11:14 of 3rd period - Connor McDavid wins face-off versus Brandon Dubinsky in neutral zone.
11:25 of 3rd period - Wrist shot by Taylor Hall.
11:25 of 3rd period - Stopped by Ryan Miller with a rebound.
11:59 of 3rd period - Icing by Duncan Keith.
12:00 of 3rd period - Luke Adam wins face-off versus Ryan Nugent-Hopkins in Oilers zone.
12:05 of 3rd period - Wrist shot by Oskar Osala.
12:05 of 3rd period - Stopped by James Reimer with a rebound.
12:25 of 3rd period - Dustin Brown is hit by Brandon Dubinsky.
12:29 of 3rd period - Snap shot by Leon Draisaitl.
12:29 of 3rd period - Shot Blocked by Milan Michalek.
12:51 of 3rd period - Andrej Sekera is hit by Yanni Gourde and loses puck.
13:10 of 3rd period - Karl Alzner is hit by Taylor Hall and loses puck.
14:17 of 3rd period - Slapshot by Nick Palmieri.
14:17 of 3rd period - Stopped by James Reimer with a rebound.
14:41 of 3rd period - Wrist shot by Taylor Hall.
14:41 of 3rd period - Shot Misses the Net.
14:43 of 3rd period - Snap shot by Jordan Eberle.
14:43 of 3rd period - Shot Misses the Net.
14:57 of 3rd period - Snap shot by Jordan Eberle.
14:57 of 3rd period - Shot Misses the Net.
14:59 of 3rd period - Backhand shot by Taylor Hall.
14:59 of 3rd period - Shot Blocked by Karl Alzner.
15:01 of 3rd period - Snap shot by Taylor Hall.
15:01 of 3rd period - Goal by Taylor Hall - Sharks : 4 - Oilers : 5.
15:02 of 3rd period - Luke Adam wins face-off versus Maxim Lapierre in neutral zone.
15:05 of 3rd period - Snap shot by Jiri Tlusty.
15:05 of 3rd period - Shot Blocked by Darnell Nurse.
15:27 of 3rd period - Corey Perry is hit by Benoit Pouliot and loses puck.
16:19 of 3rd period - Icing by Oskar Osala.
16:20 of 3rd period - Connor McDavid wins face-off versus Bobby Butler in Sharks zone.
16:35 of 3rd period - Snap shot by Ted Purcell.
16:35 of 3rd period - Shot Misses the Net.
17:04 of 3rd period - Icing by Nick Palmieri.
17:05 of 3rd period - Ryan Nugent-Hopkins wins face-off versus Brandon Dubinsky in Sharks zone.
17:18 of 3rd period - Slapshot by Tyler Cuma.
17:18 of 3rd period - Stopped by James Reimer without a rebound.
17:19 of 3rd period - Maxim Lapierre wins face-off versus Luke Adam in Oilers zone.
17:21 of 3rd period - Minor Penalty to Dustin Brown for Interference.
17:22 of 3rd period - Connor McDavid wins face-off versus Gilbert Brule in Oilers zone.
18:28 of 3rd period - Adam Larsson is hit by Nick Palmieri and loses puck.
18:52 of 3rd period - Minor Penalty to Adam Larsson for High sticking.
18:53 of 3rd period - Connor McDavid wins face-off versus Gilbert Brule in Oilers zone.
19:04 of 3rd period - Darnell Nurse is hit by Tyler Cuma and loses puck.
19:07 of 3rd period - Sharks, Ryan Miller is pulled from the net.
19:21 of 3rd period - Penalty to Dustin Brown is over, Dustin Brown is back on ice.
19:35 of 3rd period - Slapshot by Tyler Cuma.
19:35 of 3rd period - Stopped by James Reimer without a rebound.
19:36 of 3rd period - Patrick Roy call a timeout for Sharks.
19:36 of 3rd period - Connor McDavid wins face-off versus Gilbert Brule in Oilers zone.
19:45 of 3rd period - Slapshot by Drew Doughty.
19:45 of 3rd period - Stopped by James Reimer without a rebound.
19:46 of 3rd period - Gilbert Brule wins face-off versus Connor McDavid in Oilers zone.
19:59 of 3rd period - Snap shot by Dion Phaneuf.
19:59 of 3rd period - Stopped by James Reimer without a rebound.
Goals for this period are 2 for Sharks vs 2 for Oilers.
Shots for this period are 15 for Sharks vs 9 for Oilers.